General information
- name: BNet
- type: Ladder team game (AT/RT)
- host: Battle.net
- saver: PLEASEDONTGO
map: FullScaleAssault
- players: 8
- length: 39:38
- speed: Fast
- version: 1.23 W3XP
- replay type: Public
» download(271 KB)
Players
team 1 (winner)
Deathborn_23 (
pink | 44 APM | 1754 actions | 39:37)
7 Blademaster
3 Wind Walk
2 Critical Strike
1 Bladestorm
1 Mirror Image
7 Shadow Hunter
3 Healing Wave
2 Hex
1 Big Bad Voodoo
1 Serpent Ward
» actions
| Assign group hotkey | 40 | |
| Basic commands | 1 | |
| Build / train | 78 | |
| Enter build submenu | 19 | |
| Enter hero's abilities submenu | 15 | |
| Remove unit from queue | 3 | |
| Right click | 544 | |
| Select / deselect | 316 | |
| Select group hotkey | 625 | |
| Use ability | 113 | |
1754 total
» units
| Peon | 10 | |
| Grunt | 4 | |
| Shaman | 10 | |
| Tauren | 15 | |
| Troll Witch Doctor | 10 | |
49 total
» upgrades
| Shaman Training | 2 | |
| Witch Doctor Training | 2 | |
| Pulverize | 1 | |
| Melee Weapons | 1 | |
6 total
» buildings
| Altar of Storms | 1 | |
| Orc Burrow | 9 | |
| Barracks | 1 | |
| Stronghold | 1 | |
| Voodoo Lounge | 1 | |
| Spirit Lodge | 1 | |
| Fortress | 1 | |
| War Mill | 1 | |
| Tauren Totem | 2 | |
| Great Hall | 2 | |
20 total
» build order
00:06 Altar of Storms
00:09 Orc Burrow
01:02 Barracks
01:45 Orc Burrow
02:44 Stronghold
03:47 Voodoo Lounge
04:39 Orc Burrow
05:19 Spirit Lodge
05:38 Orc Burrow
05:48 Fortress
06:25 War Mill
08:17 Tauren Totem
09:18 Tauren Totem
09:33 Orc Burrow
10:38 Orc Burrow
11:44 Orc Burrow
13:02 Orc Burrow
13:59 Orc Burrow
14:31 Great Hall
27:17 Great Hall
» items
| Scroll of Town Portal | 1 | |
| Orb of Lightning | 1 | |
2 total
PLEASEDONTGO (
purple | 54 APM | 2156 actions | 39:38)
10 Dark Ranger
3 Black Arrow
3 Silence
1 Charm
3 Life Drain
» actions
| Assign group hotkey | 70 | |
| Basic commands | 145 | |
| Build / train | 89 | |
| Enter build submenu | 34 | |
| Enter hero's abilities submenu | 10 | |
| Give item / drop item | 1 | |
| Right click | 1033 | |
| Select / deselect | 423 | |
| Select group hotkey | 281 | |
| Use ability | 70 | |
2156 total
» units
| Peasant | 21 | |
| Footman | 7 | |
| Mortar Team | 3 | |
| Siege Engine | 9 | |
| Knight | 14 | |
54 total
» upgrades
| Swords | 2 | |
| Gunpowder | 3 | |
| Plating | 3 | |
| Armor | 2 | |
| Defend | 1 | |
| Fragmentation Shards | 1 | |
| Barrage | 1 | |
| Animal War Training | 1 | |
14 total
» buildings
| Altar of Kings | 1 | |
| Farm | 17 | |
| Arcane Vault | 1 | |
| Scout Tower | 1 | |
| Arcane Tower | 2 | |
| Barracks | 2 | |
| Keep | 1 | |
| Lumber Mill | 1 | |
| Blacksmith | 1 | |
| Town Hall | 2 | |
| Castle | 2 | |
| Workshop | 4 | |
| Necropolis | 1 | |
36 total
» build order
00:08 Altar of Kings
00:26 Farm
00:41 Farm
01:12 Arcane Vault
01:30 Scout Tower
02:14 Arcane Tower
02:25 Barracks
03:02 Farm
03:03 Farm
03:48 Farm
05:06 Keep
05:33 Lumber Mill
05:35 Blacksmith
06:30 Town Hall
07:52 Castle
07:52 Castle
08:20 Workshop
08:25 Workshop
08:26 Workshop
09:37 Workshop
10:45 Farm
10:45 Farm
10:47 Farm
10:48 Farm
10:49 Farm
10:51 Farm
10:53 Farm
11:35 Farm
13:59 Farm
14:02 Farm
14:03 Farm
21:12 Barracks
31:11 Town Hall
39:09 Necropolis
» items
| Boots of Speed | 1 | |
| Potion of Lesser Invulnerability | 2 | |
| Scroll of Town Portal | 2 | |
5 total
RetardedJesus (
blue | 58 APM | 2298 actions | 39:37)
6 Keeper of the Grove
2 Entangling Roots
3 Thorns Aura
1 Tranquility
6 Priestess of the Moon
2 Searing Arrows
3 Trueshot Aura
1 Starfall
5 Warden
3 Fan of Knives
2 Blink
» actions
| Assign group hotkey | 30 | |
| Build / train | 149 | |
| Enter build submenu | 22 | |
| Enter hero's abilities submenu | 18 | |
| Give item / drop item | 3 | |
| Right click | 536 | |
| Select / deselect | 413 | |
| Select group hotkey | 970 | |
| Use ability | 157 | |
2298 total
» units
| Wisp | 42 | |
| Archer | 23 | |
| Goblin Shredder | 1 | |
| Goblin Zeppelin | 2 | |
| Hippogryph | 15 | |
83 total
» upgrades
| Improved Bows | 1 | |
| Strength of the Moon | 3 | |
| Moon Armor | 3 | |
| Ultravision | 1 | |
| Marksmanship | 1 | |
| Nature's Blessing | 1 | |
| Well Spring | 1 | |
| Hippogryph Taming | 1 | |
12 total
» buildings
| Altar of Elders | 1 | |
| Moon Well | 9 | |
| Ancient of War | 2 | |
| Ancient of Wonders | 2 | |
| Tree of Life | 5 | |
| Tree of Ages | 3 | |
| Hunter's Hall | 1 | |
| Tree of Eternity | 1 | |
| Ancient of Wind | 1 | |
| Ancient Protector | 9 | |
34 total
» build order
00:23 Altar of Elders
00:33 Moon Well
01:09 Ancient of War
01:35 Moon Well
02:05 Ancient of War
02:14 Ancient of Wonders
02:46 Moon Well
04:23 Tree of Life
04:49 Tree of Ages
04:50 Tree of Ages
05:21 Moon Well
06:02 Hunter's Hall
06:21 Moon Well
07:38 Tree of Eternity
08:33 Tree of Life
09:46 Moon Well
09:47 Moon Well
09:49 Moon Well
09:51 Moon Well
09:57 Ancient of Wind
10:00 Ancient of Wonders
21:11 Ancient Protector
21:12 Ancient Protector
21:13 Ancient Protector
21:14 Ancient Protector
21:16 Ancient Protector
21:17 Ancient Protector
21:19 Ancient Protector
21:59 Ancient Protector
22:02 Ancient Protector
25:50 Tree of Life
31:13 Tree of Life
36:38 Tree of Life
39:18 Tree of Ages
» items
| Orb of Venom | 6 | |
| Potion of Healing | 8 | |
| Potion of Mana | 2 | |
| Potion of Lesser Invulnerability | 3 | |
| Scroll of Healing | 3 | |
| Orb of Lightning | 1 | |
| Scroll of Town Portal | 4 | |
| Scroll of Protection | 2 | |
29 total

»
Rizzy (
yellow | 52 APM | 2076 actions | 39:37)
6 Warden
3 Fan of Knives
2 Blink
1 Spirit of Vengeance
4 Priestess of the Moon
2 Trueshot Aura
1 Scout
1 Searing Arrows
» actions
| Assign group hotkey | 28 | |
| Basic commands | 40 | |
| Build / train | 92 | |
| ESC pressed | 3 | |
| Enter build submenu | 21 | |
| Enter hero's abilities submenu | 10 | |
| Give item / drop item | 5 | |
| Right click | 510 | |
| Select / deselect | 453 | |
| Select group hotkey | 764 | |
| Use ability | 150 | |
2076 total
» units
| Wisp | 19 | |
| Archer | 4 | |
| Huntress | 2 | |
| Druid of the Talon | 7 | |
| Makrura Deepseer | 1 | |
| Chimaera | 6 | |
| Dryad | 7 | |
46 total
» upgrades
| Ultravision | 1 | |
| Strength of the Wild | 3 | |
| Druid of the Talon Training | 2 | |
| Corrosive Breath | 1 | |
| Well Spring | 1 | |
| Mark of the Talon | 1 | |
| Reinforced Hides | 2 | |
| Abolish Magic | 2 | |
13 total
» buildings
| Altar of Elders | 1 | |
| Moon Well | 8 | |
| Ancient of War | 1 | |
| Ancient of Wonders | 1 | |
| Hunter's Hall | 1 | |
| Tree of Ages | 1 | |
| Tree of Eternity | 1 | |
| Ancient of Wind | 2 | |
| Tree of Life | 3 | |
| Chimaera Roost | 2 | |
| Ancient of Lore | 2 | |
23 total
» build order
00:11 Altar of Elders
00:24 Moon Well
01:43 Ancient of War
01:53 Moon Well
01:54 Moon Well
01:58 Ancient of Wonders
02:34 Hunter's Hall
03:33 Tree of Ages
03:59 Moon Well
05:57 Tree of Eternity
06:20 Ancient of Wind
06:21 Ancient of Wind
07:44 Tree of Life
08:24 Chimaera Roost
08:26 Chimaera Roost
09:57 Moon Well
16:00 Ancient of Lore
16:01 Ancient of Lore
20:06 Moon Well
20:08 Moon Well
20:12 Moon Well
25:04 Tree of Life
25:31 Tree of Life
» items
| Scroll of Town Portal | 2 | |
| Orb of Venom | 1 | |
| Moonstone | 1 | |
| Potion of Mana | 1 | |
| Lesser Clarity Potion | 2 | |
| Potion of Healing | 2 | |
9 total
team 2 (loser)

»
Stoner5 (
red | 45 APM | 1778 actions | 39:36)
10 Tauren Chieftain
3 Endurance Aura
3 War Stomp
1 Reincarnation
3 Shockwave
» actions
| Basic commands | 3 | |
| Build / train | 107 | |
| Enter build submenu | 31 | |
| Enter hero's abilities submenu | 10 | |
| Give item / drop item | 5 | |
| Right click | 973 | |
| Select / deselect | 544 | |
| Use ability | 105 | |
1778 total
» units
| Peon | 17 | |
| Grunt | 6 | |
| Tauren | 14 | |
| Shaman | 14 | |
| Raider | 8 | |
| Goblin Zeppelin | 1 | |
60 total
» upgrades
| Armor | 3 | |
| Berserker Strength | 1 | |
| Melee Weapons | 3 | |
| Shaman Training | 2 | |
| Reinforced Defenses | 1 | |
| Pillage | 1 | |
| Pulverize | 1 | |
| Spiked Barricades | 2 | |
| Ranged Weapons | 1 | |
| Ensnare | 1 | |
| Backpack | 1 | |
17 total
» buildings
| Altar of Storms | 1 | |
| Orc Burrow | 11 | |
| Barracks | 1 | |
| War Mill | 2 | |
| Stronghold | 1 | |
| Voodoo Lounge | 1 | |
| Great Hall | 2 | |
| Fortress | 1 | |
| Watch Tower | 6 | |
| Spirit Lodge | 1 | |
| Tauren Totem | 2 | |
| Beastiary | 2 | |
31 total
» build order
00:06 Altar of Storms
00:09 Orc Burrow
00:54 Barracks
01:23 Orc Burrow
01:43 Orc Burrow
03:06 War Mill
04:05 Orc Burrow
04:44 Stronghold
04:51 Voodoo Lounge
05:46 Great Hall
05:56 Orc Burrow
06:47 Orc Burrow
07:40 Fortress
07:51 Watch Tower
08:09 Orc Burrow
09:11 Watch Tower
09:17 Watch Tower
09:33 Spirit Lodge
10:31 Orc Burrow
10:36 Tauren Totem
10:42 Tauren Totem
11:36 Watch Tower
11:41 Watch Tower
11:47 Watch Tower
17:28 Beastiary
17:47 Beastiary
30:42 Great Hall
31:12 Orc Burrow
31:49 Orc Burrow
37:43 War Mill
37:47 Orc Burrow
» items
| Boots of Speed | 1 | |
| Healing Salve | 3 | |
| Lesser Clarity Potion | 6 | |
| Orb of Lightning | 1 | |
| Scroll of Town Portal | 2 | |
| Potion of Healing | 2 | |
| Potion of Mana | 2 | |
17 total
Speed_iTUNES (
teal | 77 APM | 2411 actions | 31:20)
7 Death Knight
3 Death Coil
3 Unholy Aura
1 Animate Dead
» actions
| Assign group hotkey | 38 | |
| Basic commands | 182 | |
| Build / train | 90 | |
| Enter build submenu | 22 | |
| Enter hero's abilities submenu | 7 | |
| Remove unit from queue | 2 | |
| Right click | 970 | |
| Select / deselect | 365 | |
| Select group hotkey | 641 | |
| Use ability | 94 | |
2411 total
» units
| Acolyte | 9 | |
| Ghoul | 3 | |
| Crypt Fiend | 23 | |
| Obsidian Statue | 4 | |
| Goblin Zeppelin | 1 | |
| Abomination | 13 | |
53 total
» upgrades
| Web | 1 | |
| Destroyer Form | 1 | |
| Creature Carapace | 1 | |
| Creature Attack | 3 | |
| Burrow | 1 | |
| Unholy Armor | 3 | |
| Unholy Strength | 3 | |
13 total
» buildings
| Crypt | 1 | |
| Altar of Darkness | 1 | |
| Ziggurat | 9 | |
| Graveyard | 1 | |
| Tomb of Relics | 1 | |
| Nerubian Tower | 2 | |
| Spirit Tower | 4 | |
| Halls of the Dead | 1 | |
| Slaughterhouse | 2 | |
| Black Citadel | 1 | |
23 total
» build order
00:07 Crypt
00:14 Altar of Darkness
00:26 Ziggurat
01:07 Graveyard
01:44 Ziggurat
02:03 Tomb of Relics
03:02 Nerubian Tower
03:57 Ziggurat
04:15 Spirit Tower
04:43 Halls of the Dead
05:40 Halls of the Dead
06:56 Ziggurat
08:03 Slaughterhouse
08:24 Slaughterhouse
09:15 Black Citadel
09:18 Ziggurat
10:32 Spirit Tower
10:38 Ziggurat
10:41 Ziggurat
13:34 Ziggurat
16:06 Spirit Tower
16:08 Spirit Tower
27:30 Ziggurat
28:26 Nerubian Tower
» items
| Dust of Appearance | 1 | |
| Lesser Clarity Potion | 1 | |
| Scroll of Town Portal | 1 | |
3 total
SageAlchemist (
orange | 50 APM | 1943 actions | 39:11)
10 Death Knight
3 Death Coil
3 Unholy Aura
3 Death Pact
1 Animate Dead
» actions
| Assign group hotkey | 54 | |
| Basic commands | 6 | |
| Build / train | 86 | |
| Enter build submenu | 22 | |
| Enter hero's abilities submenu | 9 | |
| Remove unit from queue | 9 | |
| Right click | 423 | |
| Select / deselect | 310 | |
| Select group hotkey | 923 | |
| Use ability | 101 | |
1943 total
» units
| Acolyte | 15 | |
| Ghoul | 4 | |
| Goblin Shredder | 1 | |
| Frost Wyrm | 7 | |
| Crypt Fiend | 7 | |
| Abomination | 3 | |
37 total
» upgrades
| Creature Attack | 3 | |
| Creature Carapace | 4 | |
| Freezing Breath | 1 | |
| Cannibalize | 1 | |
9 total
» buildings
| Graveyard | 3 | |
| Crypt | 1 | |
| Ziggurat | 24 | |
| Altar of Darkness | 2 | |
| Tomb of Relics | 1 | |
| Nerubian Tower | 2 | |
| Halls of the Dead | 1 | |
| Necropolis | 2 | |
| Black Citadel | 1 | |
| Sacrificial Pit | 1 | |
| Spirit Tower | 4 | |
| Boneyard | 4 | |
46 total
» build order
00:25 Graveyard
00:30 Crypt
01:03 Ziggurat
01:11 Altar of Darkness
01:33 Ziggurat
01:49 Tomb of Relics
03:42 Nerubian Tower
05:57 Halls of the Dead
06:43 Ziggurat
06:46 Ziggurat
06:51 Ziggurat
06:53 Ziggurat
06:55 Ziggurat
07:02 Necropolis
07:56 Ziggurat
07:57 Ziggurat
07:59 Ziggurat
08:00 Ziggurat
08:22 Black Citadel
08:39 Graveyard
08:51 Sacrificial Pit
08:57 Spirit Tower
10:46 Boneyard
10:47 Boneyard
10:50 Boneyard
10:51 Boneyard
11:05 Spirit Tower
25:09 Spirit Tower
29:50 Ziggurat
29:51 Ziggurat
29:53 Ziggurat
30:04 Necropolis
30:24 Graveyard
30:30 Ziggurat
30:32 Ziggurat
30:33 Ziggurat
30:34 Ziggurat
30:35 Ziggurat
30:36 Ziggurat
31:08 Altar of Darkness
31:52 Spirit Tower
32:11 Nerubian Tower
35:59 Ziggurat
35:59 Ziggurat
36:00 Ziggurat
36:01 Ziggurat
» items
| Rod of Necromancy | 1 | |
| Sacrificial Skull | 1 | |
| Scroll of Town Portal | 4 | |
| Orb of Corruption | 1 | |
| Potion of Healing | 1 | |
| Potion of Mana | 3 | |
| Scroll of Speed | 1 | |
12 total

»
coconut (
green | 58 APM | 2291 actions | 39:21)
6 Dark Ranger
1 Silence
3 Black Arrow
1 Life Drain
1 Charm
1 Lich
1 Frost Nova
» actions
| Assign group hotkey | 23 | |
| Basic commands | 528 | |
| Build / train | 72 | |
| ESC pressed | 2 | |
| Enter build submenu | 32 | |
| Enter hero's abilities submenu | 7 | |
| Give item / drop item | 1 | |
| Right click | 995 | |
| Select / deselect | 334 | |
| Select group hotkey | 225 | |
| Use ability | 72 | |
2291 total
» units
| Acolyte | 10 | |
| Ghoul | 7 | |
| Frost Wyrm | 8 | |
| Meatwagon | 6 | |
| Crypt Fiend | 3 | |
34 total
» upgrades
| Creature Attack | 1 | |
| Creature Carapace | 2 | |
| Freezing Breath | 1 | |
| Ghoul Frenzy | 1 | |
| Web | 1 | |
| Disease Cloud | 1 | |
7 total
» buildings
| Crypt | 1 | |
| Ziggurat | 15 | |
| Graveyard | 1 | |
| Halls of the Dead | 1 | |
| Altar of Darkness | 2 | |
| Tomb of Relics | 1 | |
| Nerubian Tower | 2 | |
| Black Citadel | 1 | |
| Necropolis | 4 | |
| Sacrificial Pit | 1 | |
| Spirit Tower | 9 | |
| Boneyard | 2 | |
| Slaughterhouse | 2 | |
| Tree of Life | 1 | |
43 total
» build order
00:36 Crypt
00:38 Ziggurat
01:00 Graveyard
02:22 Halls of the Dead
02:59 Altar of Darkness
03:00 Ziggurat
03:11 Tomb of Relics
03:55 Nerubian Tower
04:49 Black Citadel
06:14 Necropolis
06:20 Sacrificial Pit
07:11 Spirit Tower
07:13 Boneyard
07:14 Boneyard
08:03 Ziggurat
08:04 Ziggurat
10:36 Ziggurat
10:37 Ziggurat
10:38 Ziggurat
11:30 Spirit Tower
11:31 Spirit Tower
11:34 Spirit Tower
15:04 Slaughterhouse
17:31 Slaughterhouse
17:35 Ziggurat
20:46 Necropolis
21:07 Ziggurat
21:12 Ziggurat
21:12 Ziggurat
21:13 Ziggurat
23:41 Spirit Tower
27:16 Spirit Tower
27:17 Spirit Tower
32:33 Necropolis
32:59 Spirit Tower
34:39 Spirit Tower
34:51 Altar of Darkness
34:53 Ziggurat
35:39 Ziggurat
35:50 Nerubian Tower
36:41 Necropolis
38:28 Tree of Life
» items
| Rod of Necromancy | 1 | |
| Dust of Appearance | 1 | |
| Scroll of Town Portal | 3 | |
| Orb of Corruption | 1 | |
| Potion of Healing | 1 | |
7 total
Chat log
(00:21 / Allies) Rizzy: fast MGs
(00:30 / Allies) RetardedJesus: fast wisps here
(01:46 / Allies) Rizzy: i lied
(01:47 / Allies) Rizzy: no fast mgs
(01:50 / Allies) Rizzy: wrong map
(02:01 / Allies) RetardedJesus: i knew it
(02:36 / Allies) RetardedJesus: im still massing wisps
(04:24 / Allies) Rizzy: purple, creep thsi with me
(04:52 / Allies) RetardedJesus: help
(04:57 / Allies) RetardedJesus: i think theyre invisible morts in my base
(06:06 / Allies) RetardedJesus: i guess not
(08:42 / Allies) RetardedJesus: omw
(09:10 / Allies) Deathborn_23: wood plz
(09:25 / Allies) Deathborn_23: ty
(10:25 / Allies) Rizzy: come pink
(10:31 / Allies) Deathborn_23: wood plz
(10:35 / Allies) Rizzy: none
(11:53 / Allies) Rizzy: midd
(11:56 / Allies) Deathborn_23: k
(12:07 / Allies) Deathborn_23: help[
(12:14 / Allies) Deathborn_23: fuk
(12:28 / Allies) Deathborn_23: ty
(13:24 / Allies) Rizzy: fuck me!
(14:52 / Allies) Deathborn_23: need qa
(15:12 / Allies) Rizzy: lets hit
(15:15 / Allies) Deathborn_23: watch out
(15:24 / Allies) Deathborn_23: frost might be comin]
(15:25 / Allies) Rizzy: shit
(15:27 / Allies) Rizzy: NO dryads
(15:29 / Allies) Rizzy: thats bad
(16:12 / Allies) Deathborn_23: purp
(16:18 / Allies) PLEASEDONTGO: coming
(16:28 / All) Stoner5: gg
(18:59 / Allies) Rizzy: wood pleae
(19:09 / Allies) Rizzy: ty
(19:20 / Allies) Deathborn_23: i got no tp
(19:24 / Allies) PLEASEDONTGO: wagons
(20:25 / Allies) Deathborn_23: wow
(20:34 / Allies) Deathborn_23: b
(20:35 / Allies) Deathborn_23: b
(20:35 / Allies) Deathborn_23: b
(20:48 / All) SageAlchemist: gg
(21:23 / Allies) Deathborn_23: fuk
(21:34 / Allies) RetardedJesus: should i defend my base?
(21:34 / Allies) Rizzy: back all the way to blue
(21:37 / Allies) Rizzy: we fight at blue
(22:35 / Allies) Rizzy: TP
(23:54 / All) RetardedJesus: gg
(24:04 / All) Stoner5: very
(24:07 / All) coconut: for u or for us?
(24:10 / All) RetardedJesus: i mean game over
(24:16 / All) coconut: for u?
(24:21 / All) RetardedJesus: i mean checkmate, for u
(24:24 / All) PLEASEDONTGO: well i mean good game it was fun~
(24:28 / All) Stoner5: lol
(24:37 / All) RetardedJesus: i mean
(24:41 / All) RetardedJesus: red's mom is singing
(25:18 / Allies) RetardedJesus: hit a main base
(25:23 / Allies) RetardedJesus: to destroy their unit capabilities
(25:35 / Allies) Deathborn_23: go
(25:36 / Allies) Deathborn_23: now
(26:58 / All) RetardedJesus: we have this game saran wrapped
(27:31 / All) PLEASEDONTGO: you talk respectful when you play da bingo or i come slap you
(30:30 / All) RetardedJesus: so what if i target heros
(32:29 / Allies) RetardedJesus: shit
(32:35 / Allies) RetardedJesus: i got ambushed
(33:15 / Allies) Deathborn_23: no tp
(33:33 / Allies) PLEASEDONTGO: run and get one
(34:36 / Allies) RetardedJesus: use my wells
(35:05 / Allies) Deathborn_23: ye
(35:09 / Allies) Deathborn_23: help
(35:29 / Allies) Deathborn_23: yellow
(35:32 / Allies) Deathborn_23: help
(36:40 / Allies) Deathborn_23: if i get money i can rebuild
(37:06 / Allies) Deathborn_23: 200 more gold
(37:23 / Allies) RetardedJesus: ahh
(37:24 / Allies) RetardedJesus: heal
(37:28 / Allies) Deathborn_23: need tp
(37:35 / Allies) RetardedJesus: youve needed a tp all game
(37:46 / Allies) PLEASEDONTGO: merchants sell tps
(37:53 / All) Rizzy: i go it
(38:24 / Allies) Deathborn_23: purp
(38:26 / Allies) Rizzy: go
(38:35 / Allies) RetardedJesus: my one archer will fuck them up
(38:40 / Allies) Rizzy: go
(39:22 / Allies) Deathborn_23: lol
(39:26 / All) PLEASEDONTGO: BONE DRAGON!!!!
(39:35 / All) Stoner5: BOOOOOOOOOOOOOOOOOOOOOO